Cogmind - Beta 9.2 @@@ ROGUE MODE // 2019.12.09 @ 21:52:02 Player: Fleshy Vegetable Bird Result: Destroyed by as-75849 with Assembled Blade Performance ------------- Evolutions (0) 0 Regions Visited (2) 400 Robots Destroyed (32) 160 Value Destroyed (676) 676 Prototype IDs (0) 0 Alien Tech Used (0) 0 Bonus (-18) -18 TOTAL SCORE: 1218 Bonus ------- Follower Combat Kills 7 Friendly Fire -25 Cogmind --------- Core Integrity 0/250 Matter 277/300 Energy 177/250 System Corruption 1% Temperature Cool (90) Movement Rolling (150) Ox7 Location -10/Mines Parts ------- > --- POWER (1) -------- Ion Engine > --- PROPULSION (2) --- Light Treads Wheel > --- UTILITY (2) ------ High-capacity Storage Unit High-capacity Storage Unit > --- WEAPON (2) ------- Heavy EM Pulse Gun Heavy EM Pulse Gun > --- INVENTORY (20) --- Ion Engine Light Treads Light Treads Wheel High-capacity Storage Unit High-capacity Storage Unit Medium Laser Small Laser Assault Rifle EMP Blaster EMP Blaster Datajack Mining Laser Peak State ------------ > --- POWER ------------ Light Ion Engine > --- PROPULSION ------- Wheel Wheel > --- UTILITY ---------- Large Storage Unit High-capacity Storage Unit > --- WEAPON ----------- Heavy EM Pulse Gun EMP Blaster > --- INVENTORY -------- Light Treads Light Treads Wheel Wheel Wheel Wheel High-capacity Storage Unit High-capacity Storage Unit High-capacity Storage Unit Heavy EM Pulse Gun Heavy EM Pulse Gun Heavy EM Pulse Gun Small Laser Assault Rifle EMP Blaster EMP Blaster Datajack [Rating: 11] Favorites ----------- Power Light Ion Engine Engine Light Ion Engine Propulsion Wheel Treads Light Treads Wheel Wheel Utility High-capacity Storage Unit Storage High-capacity Storage Unit Weapon EMP Blaster Energy Gun Heavy EM Pulse Gun Launcher EMP Blaster Build | -11 -10 -10 ------- Run | Scr Mat Min Slots Evolved . | . . . Power . | . . . Propulsion . | . . . Utility . | . . . Weapon . | . . . Parts Attached 33 | 6 20 7 Power 3 | 1 1 1 Engine 3 | 1 1 1 Core . | . . . Reactor . | . . . Propulsion 11 | 2 7 2 Treads 1 | . . 1 Leg . | . . . Wheel 10 | 2 7 1 Hover . | . . . Flight . | . . . Utility 5 | 1 3 1 Device . | . . . Storage 5 | 1 3 1 Processor . | . . . Hackware . | . . . Protection . | . . . Artifact . | . . . Weapon 14 | 2 9 3 Energy Gun 9 | 2 5 2 Energy Cannon . | . . . Ballistic Gun . | . . . Ballistic Cannon . | . . . Launcher 5 | . 4 1 Special Weapon . | . . . Impact Weapon . | . . . Slashing Weapon . | . . . Piercing Weapon . | . . . Special Melee Weapon . | . . . Unidentified Prototypes . | . . . Parts Lost 10 | . 5 5 Power 2 | . 1 1 Propulsion 3 | . 1 2 Utility . | . . . Weapon 5 | . 3 2 Highest Loss Streak 3 | . 2 3 Average Slot Usage (%) 90 | . 91 88 Engine 11 | . 9 14 Treads 2 | . . 5 Wheel 24 | . 27 22 Storage 28 | . 28 28 Energy Gun 11 | . 17 5 Launcher 9 | . 7 11 Naked Turns . | . . . Heaviest Build 74 | 10 58 74 Greatest Support 20 | 20 20 20 Greatest Overweight (x) 11 | 3 11 7 Average Overweight (x) 2 | . 1 3 Largest Inventory Capacity 20 | 6 18 20 Average Capacity 17 | 5 16 19 Most Carried 18 | 6 18 18 Average Carried 14 | 4 14 16 Final Capacity 20 | 6 18 20 Final Carried 18 | 6 18 13 Class Distribution -------------------- 54% | Mutant 45% | Hauler-Mutant Dominant Class ---------------- Mutant | -10/Materials Hauler-Mutant | -10/Mines Resources | -11 -10 -10 ----------- Run | Scr Mat Min Matter Collected 586 | 240 244 102 Remotely . | . . . Salvage Created 1058 | 106 562 390 Parts 72 | 10 41 21 Haulers Intercepted 2 | . 2 . Recyclers Shooed . | . . . Parts Field Recycled . | . . . Retrieved Matter . | . . . Parts Self-Destructed . | . . . Prevented . | . . . Kills | -11 -10 -10 ------- Run | Scr Mat Min Combat Hostiles Destroyed 20 | . 9 11 Guns 10 | . 5 5 AOE 10 | . 4 6 Classes Destroyed 9 | 2 7 . Worker 3 | . 3 . Builder 2 | . 2 . Tunneler 2 | 2 . . Hauler 2 | . 2 . Recycler 1 | 1 . . Operator 1 | . 1 . Watcher 1 | . 1 . Swarmer 7 | . 3 4 Grunt 13 | . 6 7 Best Kill Streak 5 | 3 5 4 Combat Bots Only 4 | . 3 4 Max Kills in Single Turn 3 | 1 3 2 Gunslinging 1 | . 1 . Exploded 2 | . 2 2 Melee . | . . . Uniques/NPCs Destroyed . | . . . Combat | -11 -10 -10 -------- Run | Scr Mat Min Damage Taken 986 | . 486 500 Core 273 | . 129 144 Absorbed by Shields . | . . . Core Remaining (%) 100 | 100 . . Volleys Fired 69 | 5 39 25 Largest 2 | 2 2 2 Hottest 90 | 80 85 90 Shots Fired 95 | 10 53 32 Gun 67 | 10 42 15 Cannon . | . . . Launcher 28 | . 11 17 Special . | . . . Kinetic . | . . . Thermal 8 | 5 3 . Explosive . | . . . Electromagnetic 87 | 5 50 32 Robot Hit Streak 5 | 5 5 3 Robot Miss Streak 5 | 1 5 3 Penetration Max . | . . . Secondary Targets 1 | . 1 . Max Gunslinging Chain 1 | . 1 . Shots Hit Robots 48 | 7 29 12 Core Hits 41 | 4 22 15 Critical Hits . | . . . Critical Kills . | . . . Critical Parts Destroyed . | . . . Melee Attacks . | . . . Impact . | . . . Slashing . | . . . Piercing . | . . . Sneak Attacks . | . . . Combat Hostiles . | . . . Follow-up Attacks . | . . . Damage Inflicted 1459 | 81 823 555 Guns 617 | 81 418 118 Cannons . | . . . Explosions 842 | . 405 437 Melee . | . . . Ramming . | . . . Kinetic . | . . . Thermal 359 | 23 215 121 Explosive . | . . . Electromagnetic 1100 | 58 608 434 Impact . | . . . Slashing . | . . . Piercing . | . . . Highest Corruption 1 | . 1 1 Average Corruption 1 | . 1 1 Corruption Purged . | . . . Effects 6 | . 1 5 Message Errors 3 | . . 3 Data Loss (minor) 2 | . 1 1 Targeting Errors 1 | . . 1 Overload Shots . | . . . Overflow Damage 26 | . 12 14 Projectiles . | . . . Explosions 26 | . 12 14 Melee . | . . . Knockbacks . | . . . Impact . | . . . Kinetic . | . . . Secondary . | . . . Self-Inflicted Damage 78 | . 6 72 Shots 7 | . 2 5 Rammed . | . . . Targets Rammed . | . . . Kicked . | . . . Crushed . | . . . Highest Temperature 152 | 36 152 70 Average Temperature 28 | 17 36 17 Received Heat Transfer 271 | . 108 163 Siege Activations . | . . . Robots Corrupted . | . . . Combat Hostiles . | . . . Parts Fried 2 | . 2 . Impact Corruptions . | . . . Robots Melted . | . . . Combat Hostiles . | . . . Parts Melted 1 | . 1 . Heat Transferred 500 | 50 250 200 Parts Sabotaged . | . . . Parts Stolen . | . . . Parts Stripped . | . . . Power Chain Reactions 8 | . 5 3 Missiles Intercepted . | . . . Alert | -11 -10 -10 ------- Run | Scr Mat Min Peak Influence 284 | 15 257 284 Average Influence 111 | 6 103 135 Maximum Alert Level 1 | . 1 1 Low Security (%) 89 | 100 93 82 Level 1 10 | . 6 17 Level 2 . | . . . Level 3 . | . . . Level 4 . | . . . Level 5 . | . . . High Security . | . . . Max Security . | . . . Squads Dispatched 2 | . 2 . Investigation 1 | . 1 . Extermination . | . . . Reinforcement 1 | . 1 . Assault . | . . . Garrison . | . . . Intercept . | . . . Construction Impeded . | . . . Haulers Reinforced . | . . . Stealth | -11 -10 -10 --------- Run | Scr Mat Min Distress Signals . | . . . Communications Jammed . | . . . Distress Signals . | . . . Times Spotted 52 | . 21 31 Peak Tracking Total 17 | . 4 17 Tactical Retreats 5 | . 2 3 Traps | -11 -10 -10 ------- Run | Scr Mat Min Traps Triggered 6 | . 6 . Indirectly . | . . . Trap Hack Attempts . | . . . Triggered . | . . . Disarmed . | . . . Reprogrammed . | . . . Reused . | . . . Traps Extracted . | . . . Installed . | . . . Triggered . | . . . Machines | -11 -10 -10 ---------- Run | Scr Mat Min Machines Disabled 3 | . 2 1 Max in Single Turn 1 | . 1 1 Machines Sabotaged . | . . . Garrisons Compromised . | . . . Overloaded Fab Kills . | . . . Fab Network Shutdowns . | . . . Hacking | -11 -10 -10 --------- Run | Scr Mat Min Machines Accessed 6 | . 6 . Terminals 6 | . 6 . Fabricators . | . . . Repair Stations . | . . . Recycling Units . | . . . Scanalyzers . | . . . Garrison Access . | . . . Total Hacks 21 | . 21 . Successful 14 | . 14 . Failed 7 | . 7 . Catastrophic . | . . . Database Lockouts . | . . . Manual 15 | . 15 . Terminals 21 | . 21 . Fabricators . | . . . Repair Stations . | . . . Recycling Units . | . . . Scanalyzers . | . . . Garrison Access . | . . . Terminal Hacks 5 | . 5 . Part Schematic 1 | . 1 . Robot Analysis 1 | . 1 . Locate Traps 1 | . 1 . Recall Reinforcements 1 | . 1 . Zone Layout 1 | . 1 . Fabricator Hacks . | . . . Repair Station Hacks . | . . . Recycling Unit Hacks . | . . . Scanalyzer . | . . . Garrison Access Hacks . | . . . Unauthorized Hacks 21 | . 21 . Terminals 9 | . 9 . Track 2 | . 2 . Botnet 6 | . 6 . Operators 1 | . 1 . Fabricators . | . . . Repair Stations . | . . . Recycling Units . | . . . Scanalyzers . | . . . Garrison Access . | . . . Data Cores Recovered . | . . . Used . | . . . Hacking Detections 6 | . 6 . Full Trace Events 1 | . 1 . Feedback Events . | . . . Feedback Blocked . | . . . Robot Schematics Acquired . | . . . Robots Built . | . . . Matter . | . . . Time . | . . . Total Robot Build Rating . | . . . Part Schematics Acquired 1 | . 1 . Parts Built . | . . . Matter . | . . . Time . | . . . Total Part Build Rating . | . . . Parts Repaired . | . . . Time . | . . . Parts Recycled . | . . . Recycled Matter . | . . . Retrieved Matter . | . . . Retrieved Components . | . . . Parts Scanalyzed . | . . . Part Schematics Acquired . | . . . Parts Damaged . | . . . Bothacking | -11 -10 -10 ------------ Run | Scr Mat Min Used RIF Installer . | . . . Robots Hacked . | . . . Non-combat . | . . . Combat . | . . . Robot Hacks Applied . | . . . Relay Couplers Released . | . . . Robots Rewired . | . . . Allies Hacked . | . . . Hacks Repelled . | . . . Allies | -11 -10 -10 -------- Run | Scr Mat Min Total Allies 1 | . . 1 Largest Group 1 | . . 1 Highest-Rated Group 31 | . . 31 Highest-Rated Ally 31 | . . 31 Total Orders . | . . . Ally Attacks 8 | . . 8 Total Damage 128 | . . 128 Kills 1 | . . 1 Allies Corrupted . | . . . Allies Melted . | . . . Intel | -11 -10 -10 ------- Run | Scr Mat Min Robot Analysis Total 1 | . 1 . Derelict Logs Recovered 1 | . . 1 Drone Launches . | . . . Drone Recoveries . | . . . Exploration | -11 -10 -10 ------------- Run | Scr Mat Min Turns Passed 1588 | 110 761 717 Spaces Moved 1070 | 66 591 413 Core 36 | 35 1 . Treads 56 | . . 56 Legs . | . . . Wheels 978 | 31 590 357 Hover . | . . . Flight . | . . . Fastest Speed 50 | 50 80 100 Average Speed 108 | 101 96 127 Slowest Speed 600 | 200 600 220 Overloaded Moves . | . . . Propulsion Burnouts . | . . . Robots Hopped . | . . . Cave-ins Triggered . | . . . Exploration Rate (%) 51 | 4 85 65 Regions Visited 2 Branch Regions 1 Pre-discovered Areas . | . . . Known Exits Taken . | . . . Unknown Exits Taken 2 | 1 1 . Scrap Searched . | . . . Spaces Dug 7 | . . 7 Terrain Destroyed 31 | . 12 19 Melee . | . . . Projectile . | . . . AOE 31 | . 12 19 Actions | -11 -10 -10 --------- Run | Scr Mat Min Total 1400 | 98 728 574 Wait 170 | 10 36 124 Move 1068 | 65 590 413 Hop . | . . . Pick Up 49 | 12 34 3 Fast Attach . | . . . Attach 25 | 6 13 6 Detach . | . . . Swap 8 | . 7 1 Drop 11 | . 9 2 Fire 69 | 5 39 25 Melee . | . . . Ram . | . . . Kick . | . . . Crush . | . . . Escape Stasis . | . . . Rewire . | . . . Trap . | . . . Miscellaneous . | . . . Route ------- -11/Scrapyard -10/Materials (discovered 3 exits: [*Mat x2] / [*Min]) -10/Mines (discovered 3 exits: [*Mat x2] / Exi) History --------- Turn | Location | Event 15 | -11/Scrapyard | Discovered new exit (range 16) 111 | -11/Scrapyard | Entered Materials 300 | -10/Materials | Build established: Mutant 310 | -10/Materials | Discovered new exit (range 14) 576 | -10/Materials | Discovered new exit (range 16) 772 | -10/Materials | Core integrity fell below 50% 778 | -10/Materials | Discovered new exit (range 16) 872 | -10/Materials | Entered Mines 875 | -10/Mines | Received a Mining Laser from a helpful Derelict 909 | -10/Mines | Discovered new exit (range 12) 1096 | -10/Mines | Identified exit to Exiles 1136 | -10/Mines | Discovered new exit (range 9) 1192 | -10/Mines | Build established: Hauler-Mutant 1196 | -10/Mines | Lost 3 parts (1p1n1w) 1302 | -10/Mines | Core integrity fell below 20% 1550 | -10/Mines | Assembled infested the area 1589 | -10/Mines | Destroyed by as-75849 with Assembled Blade Last Messages --------------- 01197_ G-47 Trooper destroyed. 01199_ Chain reaction triggered in Lgt. Nuclear Core. 01206_ G-34 Mercenary destroyed. 01214_ Acquired 16 matter. 01218_ U-05 Engineer builds a Wall. 01222_ U-05 Engineer lays Concrete. 01223_ U-05 Engineer builds a Wall. 01246_ U-05 Engineer lays Concrete. 01258_ U-05 Engineer builds a Wall. 01291_ Wheel destroyed. 01297_ QDOGCFC GEHKDG,FGL6ZJXFDJ 01305_ G-47 Trooper misfires. 01305_ G-47 Trooper destroyed. 01322_ U-05 Engineer lays Concrete. 01473_ Acquired 26 matter. 01550_ ALERT: Infestation in the mines, dispatching Demolisher response squad. 01577_ EMP Blaster destroyed. 01584_ M|NS&=7YF5M>WMWNA#L|6L27NGCENJEZ 01584_ System corrupted: Hvy. EM Pulse Gun targeting data glitched. Map ----- +----------------------------------------------------+ | | | | | | | ?????????????????????????????????????????????????? | | ?????????????????????????????????????????????????? | | ?????????????????????????????????????????????????? | | ?????????????????????????????????????????????????? | | ?????????????????????????????????????????????????? | | ?????????????????????????????????????????????????? | | ????##????????????????????????# ????????????????? | | ???? #??????????????????????? ????????????????? | | ???? ??????????????????????? ????????????????? | | ???? ??????????????????????? ????????????????? | | ???? ??????????????????????? ????????????????? | | ???? #??????????????????????? ????????????????? | | ????# #????????????????? ????? ????????????????? | | ????# #???????####?????? ???? ??###???????????? | | ????# #???????# ##????? ???? ?? #???????????? | | ????# ####???? ##???? ???? ??# #???????????? | | ##### ## ???? ##??? ????# ??# #???????????? | | ## #????# #### ?????# #??# #???????????? | | ## ## ## #???## ## ?????# #??# #???????????? | | ?# ## ## #???# ## ?????# #### ##????####??? | | ?# ## ##### #?# #?????# #???## ##?? | | ?#*##### #??# #######a##### #???# ##? | | ##%##??# #??# a@aaa aa#???# #??## ## | | = ##?## ### ##??# ####### #???# #?## # | | ##?#%#?## ##?## #?????# #???# ### # | | ###=##?# ### ####### ##### # | | [*%![%=#### # # | | #######% #### ###### # | | ??????## #?# ####### ##???## ## | | ???????# ### ##???### ##??## ###? | | ???????# ## ##???## #### ##??? | | ???????## ## ##????# #???? | | ????????## #####?????# ##??? | | ?????????## ###??????# ### ## ##?? | | ????#####?## ##?????##??## ## #?? | | ???## #### #??????????# ## #?? | | ???# ### #??????????# ### ##?? | | ???# ! ### ##??????????# ### ##??? | | ???# ### ##???????????## ### ####???? | | ???# ## ##?????????????####?# ##??????? | | ???# ## #???????????????????## ##???????? | | ???## ### ##????????????????????# #????????? | | ????# #?# #???????????????####### ######???? | | ????## #### #???????????????# #???? | | ?????# #### #???????????????# #### #???? | | ###### ### ##??????????????# #######??# #???? | | ## ##?????????????# #????????# #???? | +----------------------------------------------------+ Best States ------------- Heat Dissipation 25 Energy Generation 10 Energy Capacity 250 Matter Stores 300 Matter Capacity 300 Sight Range 16 Terrain Scan Density 10 Evasion (%) 44 Recoil Reduction 1 Item Schematics ----------------- Hcp. Storage Unit | -10/Materials | Hacked Robot Schematics ------------------ None Fabricated ------------ Nothing Alien Tech Used ----------------- None Achievements -------------- None Challenges ------------ None Game ------ Seed BladeSupersonicMembrane Manual? 0 Play Time 00:16:01 Cumulative 222.5 hours Start 2019.12.09 @ 21:39:12 End 2019.12.09 @ 21:52:02 Sessions 1 Manual Loads 0 Difficulty Rogue Special Mode None Game No. 295 Rogue 295 Adventurer 0 Explorer 0 Win Type - Total 2 Types 1/0/0/1/0/0/0 Lore% 55 Gallery% 78 Achievement% 55 Wizard Run 0 Options --------- ASCII 0 Keyboard 0 Movement Numpad Keybinds 0 Fullscreen 1 Font 16/Terminus Map View 75x55 Tactical HUD 1 Map Filters NONE Filters NONE Steam 1 RUN: 4e2d267c-8df1-4c37-88e5-08d94afd9b35